AoeStats
← AM | MANCO-KUN

African Clearing

510947237Analyzed
2v2 RM · 9h ago on Oct 3, 2026· 21m 5s· 4 players
Game mode
Random Map
Map size
Medium (4 player)
Population
200
Speed
Normal
Resources
Standard
Victory
Conquest
Starting age
Dark Age
Ending age
Imperial Age
RankedLock teamsTeams togetherTeam positionsShared explorationLock speedFull tech treeHidden civsTurbo modeCheats
Victory
Defeat
🇨🇴 Chinese · Colombia
1361
+7
🇲🇽 Vietnamese · Mexico
1284
+10
🇷🇺 Italians · Russia
1208
-10
🇩🇰 Romans · Denmark
1089
-7
Lastik
3:17 Loom
14:26 Feudal Age
18:48 Castle Age
18:19 Double-Bit Axe
18:17 Horse Collar
19:47 Bow Saw
19:41 Heavy Plow
Brown
9:32 Loom
12:12 Feudal Age
12:15 Man-at-Arms
14:46 Double-Bit Axe
AM | MANCO-KUN
4:18 Loom
6:51 Loom
12:38 Feudal Age
13:35 Double-Bit Axe
18:58 Fletching
19:09 Padded Archer Armor
AM | AndresBC
3:06 Loom
12:01 Feudal Age
12:47 Double-Bit Axe
15:13 Horse Collar
19:31 Forging
21:13 Scale Barding Armor
21:40 Bloodlines
Connection lost

Rejoining the realm…

Still unreachable

The connection could not be restored.

Session expired

The server has moved on; the page needs a fresh start.